cohdb
Replays
Latest Replays
All Replays
Popular Replays
Top Player Replays
Match Explorer
How It Works
Community
CoH3 Stats
Reddit
Sign in to upload your games and track your stats! →
Sign in with Steam
Match 47136213
Unlisted
Match 47136213
Overview
Messages
Build Orders
End
Construct Weapon Support Center
Engineer Squad
Selects Heavy Weapons
M1919 Machine Gun Team
Bazooka Squad
M1919 Machine Gun Team
Infantry Support Center
Selects M2HB .50cal Heavy Machine Gun
Construct Medical Station
M3 Armored Personnel Carrier
Sniper
M3 Armored Personnel Carrier
Selects Assault Carriers
Selects Exchangeable Parts
.30 cal Machine Gun
Construct Tank Depot
M4(105) Sherman Bulldozer
M18 Hellcat Tank Destroyer
[PD]Folscher
Apache
[PD]Bimbi
Heroin Schorsch
untergrund weltstar
Guerrilla161
0
0
Comments
sign in to comment!
No comments posted yet!